 Dungeon Crawl Stone Soup version 0.31-a0-1074-g0b22e4e0f1 (webtiles) character file.

Game seed: 4831560560854573027

5090 grandjackal the Destroyer (level 10, 0/64 HPs)
             Began as a Tengu Conjurer on Nov 29, 2023.
             Was a Priest of Vehumet.
             Slain by Amaemon
             ... wielding a -1 demon whip of venom
              (8 damage)
             ... on level 8 of the Dungeon.
             The game lasted 00:16:26 (5950 turns).

grandjackal the Destroyer (Tengu Conjurer)          Turns: 5950, Time: 00:16:27

Health: 0/64       AC:  6    Str:  9    XL:     10   Next: 57%
Magic:  16/22      EV: 16    Int: 22    God:    Vehumet [***...]
Gold:   291        SH:  0    Dex: 12    Spells: 15/23 levels left

rFire   . . .        i - +0 long sword (elec)
rCold   . . .        n - crystal ball of Wucad Mu {*channel}
rNeg    . . .        a - +0 robe
rPois   +            (helmet restricted)
rElec   .            (no cloak)
rCorr   .            (no gloves)
SInv    .            (boots unavailable)
Will    .....        c - amulet of magic regeneration
Stlth   ++           d - +4 ring of protection
HPRegen 0.30/turn    q - ring of poison resistance
MPRegen 0.58/turn

%: acrobat, channel magic (40%)
@: lethally poisoned (0 -> -19), flying, slowed, very slow
A: beak, talons 3, evasive flight, acrobatic
a: Renounce Religion


You were on level 8 of the Dungeon.
You worshipped Vehumet.
Vehumet was most pleased with you.
You visited 1 branch of the dungeon, and saw 8 of its levels.

You collected 291 gold pieces.

Inventory:

Hand Weapons
 i - a +0 long sword of electrocution (weapon)
Armour
 a - a +0 robe (worn)
 n - the crystal ball of Wucad Mu (worn) {*channel}
   (You found it on level 3 of the Dungeon)

   *Channel:  It often returns the magic spent to cast spells, but lowers their
   success rate.
   It always returns the magic spent on miscasts.
Jewellery
 c - an amulet of magic regeneration (around neck)
 d - a +4 ring of protection (left hand)
 o - a ring of willpower
 q - a ring of poison resistance (right hand)
 r - a ring of protection from fire
Wands
 h - a wand of polymorph (4)
Scrolls
 e - a scroll of revelation
 g - 5 scrolls of teleportation {unknown}
 m - 2 scrolls of blinking
 p - a scroll of enchant weapon
 s - 3 scrolls of enchant armour {unknown}
 t - 4 scrolls of poison {unknown}
 u - 4 scrolls of silence {unknown}
 v - a scroll of vulnerability
Potions
 b - a potion of magic
 f - 2 potions of lignification
 j - 2 potions of enlightenment
 k - a potion of mutation
 l - 2 potions of curing
 w - a potion of might
 x - a potion of heal wounds
 z - a potion of attraction {unknown}


   Skills:
 + Level 7.8 Fighting
 - Level 2.1 Dodging
 - Level 2.0 Stealth
 + Level 7.4 Spellcasting
 - Level 10.3 Conjurations
 + Level 5.2 Translocations
 + Level 6.5 Air Magic


You had 15 spell levels left.
You knew the following spells:

 Your Spells              Type           Power      Damage    Failure   Level
a - Magic Dart            Conj           100%       1d8       1%          1
b - Searing Ray           Conj           100%       2d8       1%          2
c - Iskenderun's Mystic   Conj/Tloc      42%        2d10      3%          4
d - Shock                 Conj/Air       100%       1d9       1%          1

Your spell library contained the following spells:

 Spells                   Type           Power      Damage    Failure   Level
 Poisonous Vapours        Pois/Air       44%        N/A       3%          2
 Dazzling Flash           Conj/Hex       60%        N/A       2%          3
 Fulminant Prism          Conj/Hex       15%        3d10      7%          4
 Call Canine Familiar     Summ           8%         N/A       45%         3
 Sigil of Binding         Hex            8%         N/A       45%         3
 Dimensional Bullseye     Hex/Tloc       9%         N/A       47%         4
 Leda's Liquefaction      Hex/Erth       4%         N/A       80%         4


Dungeon Overview and Level Annotations

Branches:
Dungeon (8/15)             Temple (0/1) D:6            Lair (0/5) D:8

Altars:
Cheibriados
Dithmenos
Elyvilon
Fedhas
Gozag
Hepliaklqana
Nemelex Xobeh
Okawaru
Qazlal
Ru
Uskayaw
Vehumet
Wu Jian
Xom
Yredelemnul

Shops:
D:5 [

Annotations:
D:6 2 transporters
D:8 Amaemon, Eustachio, Grum


Innate Abilities, Weirdness & Mutations

You have a beak for a mouth.
You have claws for feet.
Your magical flight helps you evade attacks. (EV +4)
You can magically evade attacks while moving or waiting.


Message History

Press: ? - help, Shift-Dir - straight line, f - Amaemon
Aim: Amaemon, wielding a -1 demon whip of venom (heavily wounded, 79% to hit)
The searing ray hits Amaemon!
Amaemon is heavily wounded. (Press . to maintain the ray.) Amaemon hits you with a -1 demon whip of venom!
Amaemon claws you. Amaemon closely misses you. Amaemon barely misses you.
Amaemon claws you. Amaemon barely misses you.
The searing ray hits Amaemon!
Amaemon is severely wounded.
Amaemon completely misses you. Amaemon misses you. Amaemon tail-slaps you.
You are poisoned.
Amaemon poisons you!
Unknown command.
Unknown command.
The searing ray hits Amaemon.
Amaemon is severely wounded.
You feel extremely sick.
Amaemon completely misses you. x2; Amaemon barely misses you.
Amaemon completely misses you. Amaemon claws you.
* * * LOW HITPOINT WARNING * * *
Amaemon closely misses you.
Unknown command.
The searing ray hits Amaemon!
Amaemon is almost dead.
You finish channelling your searing ray.
* * * LOW HITPOINT WARNING * * *
You feel very sick.
Amaemon mumbles some strange words.
Unknown command.
Unknown command.
You feel better. Amaemon hits you but does no damage. Amaemon claws you.
* * * LOW HITPOINT WARNING * * *
Amaemon tail-slaps you.
* * * LOW HITPOINT WARNING * * *
You are lethally poisoned!
Amaemon poisons you!
Something foul drips from Amaemon's claws.
Amaemon hits you with a -1 demon whip of venom!
You die...

####### ## ##......## ......#
.## ##........## #......# ..#
#..........# #.>....#.
.>#####..........# #........
.....##..........# #..6...#>
..##..#..........# #.......#
..###......^.....####.......#
.## ##..........@6s.).......#
.# ###........#####.......#
.# ##..........# #.......#
.#####...........####.......#
..<.................[.......#
.)..###..........####.#.....#
.#[.###..........# ##.#.....#
.#[..###(........###..#..#.##
..................#..##.....#


You could see Amaemon and a scorpion (summoned).

Vanquished Creatures
  3 death yaks (D:7)
  An orange demon (D:8)
  Sigmund (D:4)
  Menkaure (D:6)
  2 water moccasins (D:5)
  A black bear (D:5)
  An ice beast (D:7)
  4 orc warriors
  An ogre (D:5)
  2 centaurs
  4 wolves
  2 phantoms
  3 bullfrogs
  A scorpion (D:5)
  9 howler monkeys
  3 jellies
  2 hounds
  4 orc priests
  A sleepcap (D:5)
  5 iguanas
  6 orc wizards
  A hell rat (D:8)
  8 adders
  A shadow imp (D:8)
  2 dart slugs
  27 orcs
  10 ball pythons
  2 bats
  3 endoplasms
  4 giant cockroaches
  A goblin (D:1)
  8 hobgoblins
  2 jackals (D:2)
  4 quokkas
  3 frilled lizards
  9 kobolds
  11 rats
  A spectral orc (D:4)
154 creatures vanquished.

Vanquished Creatures (others)
  An orc wizard (D:5)
1 creature vanquished.

Grand Total: 155 creatures vanquished

Notes
Turn   | Place    | Note
-------+----------+-------------------------------------------
     0 | D:1      | grandjackal the Tengu Conjurer began the quest for the Orb.
     0 | D:1      | Reached XP level 1. HP: 10/10 MP: 4/4
    57 | D:1      | Reached XP level 2. HP: 15/16 MP: 1/6
    90 | D:1      | Learned a level 2 spell: Searing Ray
   121 | D:1      | Reached skill level 1 in Fighting
   693 | D:2      | Reached XP level 3. HP: 20/20 MP: 4/7
  1300 | D:3      | Found a hazy altar of Hepliaklqana.
  1324 | D:3      | Found the crystal ball of Wucad Mu {*channel}
  1346 | D:3      | Found an ornate altar of the Wu Jian Council.
  1367 | D:3      | Reached skill level 6 in Conjurations
  1370 | D:3      | Reached XP level 4. HP: 26/26 MP: 9/9
  1383 | D:3      | Found a hide-covered altar of Uskayaw.
  1384 | D:3      | Found an iron altar of Okawaru.
  1384 | D:3      | Found a sparkling altar of Nemelex Xobeh.
  1386 | D:3      | Found a radiant altar of Vehumet.
  1388 | D:3      | Found a snail-covered altar of Cheibriados.
  1388 | D:3      | Found a sacrificial altar of Ru.
  1389 | D:3      | Found a blossoming altar of Fedhas.
  1417 | D:3      | Became a worshipper of Vehumet
  1572 | D:3      | Found an opulent altar of Gozag.
  1905 | D:4      | Reached XP level 5. HP: 24/31 MP: 7/10
  1921 | D:4      | Learned a level 4 spell: Iskenderun's Mystic Blast
  2018 | D:4      | Noticed Sigmund
  2027 | D:4      | Killed Sigmund
  2028 | D:4      | Reached skill level 1 in Translocations
  2028 | D:4      | Reached XP level 6. HP: 36/37 MP: 7/12
  2069 | D:4      | Reached skill level 7 in Conjurations
  2143 | D:4      | Noticed an orc warrior
  2144 | D:4      | Reached * piety under Vehumet
  2144 | D:4      | Offered knowledge of Foxfire by Vehumet.
  2154 | D:4      | Killed an orc warrior
  2155 | D:4      | Gained mutation: Your magical flight helps you evade
                  | attacks. (EV +4) [Tengu growth]
  2155 | D:4      | Reached XP level 7. HP: 24/41 MP: 4/13
  2556 | D:4      | Found a basalt altar of Yredelemnul.
  2630 | D:5      | Entered Level 5 of the Dungeon
  2787 | D:5      | Found a shadowy altar of Dithmenos.
  3117 | D:5      | Reached skill level 8 in Conjurations
  3117 | D:5      | Reached XP level 8. HP: 48/48 MP: 12/15
  3470 | D:5      | Found Uneijir's Armour Shop.
  3494 | D:5      | Reached skill level 5 in Fighting
  3494 | D:5      | Reached skill level 5 in Spellcasting
  3773 | D:6      | Noticed Menkaure
  3782 | D:6      | Killed Menkaure
  3783 | D:6      | Reached skill level 9 in Conjurations
  3833 | D:6      | Found a shimmering altar of Xom.
  3878 | D:6      | Reached XP level 9. HP: 54/54 MP: 15/18
  3883 | D:6      | Offered knowledge of Shock by Vehumet.
  3887 | D:6      | Reached ** piety under Vehumet
  3903 | D:6      | Learned a level 1 spell: Shock
  3936 | D:6      | Found a staircase to the Ecumenical Temple.
  3992 | D:6      | Found a transporter.
  3997 | D:6      | Noticed a troll
  3998 | D:6      | Found a transporter.
  3998 | D:6      | Noticed a boulder beetle
  4025 | D:6      | Found a stormy altar of Qazlal.
  4184 | D:7      | Reached skill level 1 in Air Magic
  4961 | D:8      | Found a staircase to the Lair.
  4961 | D:8      | Noticed a death yak
  4968 | D:8      | Noticed a death yak
  5067 | D:8      | Noticed a death yak
  5166 | D:7      | Killed a death yak
  5167 | D:7      | Reached skill level 10 in Conjurations
  5322 | D:7      | Killed a death yak
  5323 | D:7      | Reached skill level 5 in Air Magic
  5323 | D:7      | Reached XP level 10. HP: 63/63 MP: 18/21
  5573 | D:7      | Killed a death yak
  5672 | D:8      | Noticed Grum
  5771 | D:8      | Offered knowledge of Poisonous Vapours by Vehumet.
  5786 | D:8      | Reached skill level 5 in Translocations
  5817 | D:7      | Reached *** piety under Vehumet
  5890 | D:8      | Found a white marble altar of Elyvilon.
  5894 | D:8      | Noticed Eustachio
  5930 | D:8      | Noticed Amaemon
  5930 | D:8      | Noticed an orange demon
  5945 | D:8      | Killed an orange demon
  5950 | D:8      | Slain by Amaemon

Illustrated notes

Levels and vault maps discovered:
D:1:      lemuel_arrival_broad_hall, layout_loops_ring, grunt_decor_one_mirror,
          minmay_statues_item
D:2:      layout_loops_cross, minmay_heptomino_o4
D:3:      layout_rooms, nicolae_wu_jian_wuxing_cycle,
          grunt_temple_overflow_open, mainiacjoe_overflow_six_doors_small,
          wander_ebering_terrifying_dragon_lair
D:4:      layout_loops_ring, yredelemnul_forgotten_temple_becter,
          grunt_decor_mini_mirrors, uniq_sigmund
D:5:      layout_loops_corners, nicolae_dithmenos_the_darkroom, serial_shops,
          kennysheep_mini_moat
D:6:      layout_basic, gammafunk_temple_overflow_arena,
          mainiacjoe_overflow_surrounded_room, temple_green,
          chequers_serial_rivers_micro_d, uniq_menkaure
D:7:      layout_rooms, chequers_serial_rivers_micro_e
D:8:      minmay_statue_hallways, layout_rooms, lemuel_crystal_altar,
          dpeg_lair_monsters, sword_in_stone, uniq_grum, uniq_amaemon

Skill      XL: |  1  2  3  4  5  6  7  8  9 10 |
---------------+-------------------------------+-----
Fighting       | 1 2 3 4 5 7 |  7.8
Conjurations   | 6 7 8 9 10 | 10.3
Spellcasting   | 3 4 5 6 7 |  7.4
Translocations | 1 2 3 4 5 |  5.2
Air Magic      | 5 6 |  6.5
Dodging        | |  2.1
Stealth        | |  2.0

Action                     |  1- 3 |  4- 6 |  7- 9 | 10-12 || total
---------------------------+-------+-------+-------+-------++-------
  Melee: Kick              |     2 |     8 |     9 |       ||    19
         Unarmed           |     1 |       |       |       ||     1
         Long sword        |    25 |    30 |    33 |       ||    88
         Peck              |     4 |     3 |     5 |       ||    12
         Punch             |     1 |       |       |       ||     1
   Cast: Magic Dart        |    55 |     5 |    69 |    18 ||   147
         Searing Ray       |       |    10 |    61 |    22 ||    93
         Iskenderun's Myst |       |       |     4 |     1 ||     5
         Shock             |       |       |     1 |     1 ||     2
    Use: Scroll            |     4 |       |     6 |       ||    10
         Potion            |       |       |     1 |     1 ||     2
   Stab: Sleeping          |     2 |     1 |       |       ||     3
 Armour: Robe              |     9 |    19 |    44 |    26 ||    98
  Dodge: Dodged            |    30 |    32 |   128 |    56 ||   246

Table legend: (Time is in decaauts)
 A = Elapsed time spent in this place.
 B = Non-inter-level travel time spent in this place.
 C = Inter-level travel time spent in this place.
 D = Time resting spent in this place.
 E = Time spent auto-exploring this place.
 F = Levels seen in this place.
 G = Mean time per level.
                   A        B        C        D        E       F      G
               +--------+--------+--------+--------+--------+-----+--------+
         Total |   5991 |   5740 |    251 |    812 |   3485 |   8 |  748.9 |
       Dungeon |   5991 |   5740 |    251 |    812 |   3485 |   8 |  748.9 |
               +--------+--------+--------+--------+--------+-----+--------+

Top non-repeatable levels by time:
     D:7: 1113 daAuts
     D:5: 1025 daAuts
     D:4: 815 daAuts
     D:6: 801 daAuts
     D:1: 657 daAuts
     D:2: 617 daAuts
     D:3: 564 daAuts
     D:8: 396 daAuts
